 Dungeon Crawl Stone Soup version 0.16-a0-2736-g1697cd3 (webtiles) character file.

4249 Ratboiler the Cleaver (level 10, -7/67 HPs)
             Began as a Formicid Hunter on Nov 26, 2014.
             Was a Believer of Zin.
             Mangled by a spiny frog (19 damage)
             ... on level 1 of the Lair of Beasts.
             The game lasted 00:24:07 (11221 turns).

Ratboiler the Cleaver (Formicid Hunter)            Turns: 11221, Time: 00:24:07

Health: -7/67      AC: 10    Str: 18    XL:     10   Next: 56%
Magic:  13/13      EV:  5    Int: 12    God:    Zin [**....]
Gold:   441        SH:  3    Dex: 15    Spells: 0 memorised, 9 levels left

rFire  + + .     SeeInvis +     a - +9 hand axe of Rynit {chop, rF++}
rCold  . . .     Clarity  .     z - +0 chain mail
rNeg   . . .     SustAb   .     E - +0 buckler
rPois  ∞         Gourm    .     (helmet unavailable)
rElec  .         Spirit   .     i - +0 cloak
rCorr  .         Warding  .     k - +0 pair of gloves
rMut   .         Stasis   +     (no boots)
MR     +....                    (no amulet)
Stlth  ..........               (no ring)
                                P - +4 ring of slaying

@: vitalised, somewhat resistant to hostile enchantments, extremely unstealthy
A: permanent stasis, dig shafts and tunnels, four strong arms, antennae 3
a: Dig, Shaft Self, Recite, Vitalisation, Renounce Religion


You were on level 1 of the Lair of Beasts.
You worshipped Zin.
Zin was pleased with you.
You were not hungry.

You visited 3 branches of the dungeon, and saw 10 of its levels.
You also visited: Sewer.

You collected 489 gold pieces.
You donated 48 gold pieces to Zin.

Inventory:

Hand weapons
 a - the +9 hand axe of Rynit (weapon) {chop, rF++}
   (You found it on level 5 of the Dungeon)

   It inflicts extra damage upon your enemies.
   It greatly protects you from fire.
 b - a +2 hand crossbow
 c - a +0 blowgun
Missiles
 e - 2 curare-tipped needles
 n - 15 bolts of flame
 q - 14 javelins (quivered)
 x - 35 bolts
 y - 28 poisoned needles
Armour
 i - a +0 cloak (worn)
 k - a +0 pair of gloves (worn)
 z - a +0 chain mail (worn)
 E - a +0 buckler (worn)
Jewellery
 P - a +4 ring of slaying (left hand)
Magical devices
 o - a wand of fireball (6)
 C - a wand of teleportation (6)
 J - a wand of digging (3)
 K - a wand of lightning (5)
 O - a wand of digging (7)
Scrolls
 d - 2 scrolls of enchant weapon
 g - a scroll of amnesia {unknown}
 j - 2 scrolls of magic mapping
 m - 9 scrolls of remove curse
 r - 3 scrolls of teleportation {unknown}
 t - a scroll of blinking
 v - a scroll of recharging {unknown}
 B - 5 scrolls of enchant armour
 H - a scroll of fog
 L - a scroll of immolation {unknown}
 N - a scroll of noise {unknown}
Potions
 h - a potion of invisibility
 l - 3 potions of magic
 s - 2 potions of restore abilities
 u - 4 potions of agility
 w - a potion of lignification
 A - 2 potions of brilliance
 F - a potion of flight
 G - a potion of haste
 Q - a potion of cure mutation {unknown}
Comestibles
 f - 7 bread rations
 p - 3 meat rations
 I - a beef jerky
 M - 7 slices of pizza


   Skills:
 - Level 2.1 Fighting
 + Level 11.9 Axes
 - Level 9.2 Crossbows
 - Level 1.7 Dodging
 - Level 1.2 Stealth


You had 9 spell levels left.
You didn't know any spells.

Dungeon Overview and Level Annotations

Branches:
Dungeon (8/15)             Temple (1/1) D:7            Lair (1/8) D:8

Altars:
Cheibriados
Dithmenos
Elyvilon
Fedhas
Gozag
Kikubaaqudgha
Makhleb
Nemelex Xobeh
Okawaru
Qazlal
Sif Muna
Trog
Vehumet
Xom
Yredelemnul
Zin
The Shining One

Shops:
D:4 %   D:5 :


Innate Abilities, Weirdness & Mutations

You are under a permanent stasis effect.
You can dig through walls and to a lower floor.
Your four strong arms can wield two-handed weapons with a shield.
You have a pair of large antennae on your head (SInv).


Message History

You hit the spiny frog.
The spiny frog is lightly wounded.
The spiny frog stings you!
* * * LOW HITPOINT WARNING * * *
You slash the spiny frog!
The spiny frog is heavily wounded.
The spiny frog stings you!
* * * LOW HITPOINT WARNING * * *
Drink which item? (? for menu, Esc to quit)
You feel better. The spiny frog stings you.
* * * LOW HITPOINT WARNING * * *
Drink which item? (? for menu, Esc to quit)
You feel better. The spiny frog stings you!
* * * LOW HITPOINT WARNING * * *
Drink which item? (? for menu, Esc to quit)
You feel better. You block the spiny frog's attack.
You slash the spiny frog!
The spiny frog is severely wounded.
The spiny frog stings you!!
You die...

...................#....###...#
..............................###
.......................P...##....
............................##...
#.........<..#............####..#
............#............## #..#
.........................# #.##
...............F........P# ###.#
..............#.@........###...##
.............#...........##.....#
...#.......#..#.............##P#.
..........####..........#..#.###.
...........###........#.##..## ##
.......#........#.....#####.##
###.#...........#....#.# ##.#
###.##........####...### #.####
.##..#P....#.#.# ###.#.# ##..#..


You could see a spiny frog.

Vanquished Creatures
  3 spiny frogs (Lair:1)
  A wyvern (Lair:1)
  A human (D:7)
  A yak (D:7)
  2 water moccasins (Lair:1)
  2 porcupines (Lair:1)
  An ogre (D:8)
  A phantom (D:6)
  2 crocodiles (Lair:1)
  2 centaurs
  5 giant frogs
  Blork the orc (D:8)
  2 big kobolds
  3 scorpions
  2 goliath beetles
  2 gnoll shamans (D:6)
  3 wights (D:5)
  3 crimson imps
  A giant frog skeleton (D:4)
  A centaur skeleton (D:8)
  6 hounds
  An iguana (Lair:1)
  2 orc wizards (D:3)
  7 worker ants
  3 sheep (D:7)
  13 gnolls
  A worker ant zombie (D:7)
  6 adders
  2 shadow imps
  A giant mite (Sewer)
  9 river rats (Lair:1)
  4 worms
  2 adder skeletons
  2 oozes
  16 orcs
  5 ball pythons
  A bat skeleton (D:8)
  A bat zombie (D:8)
  11 hobgoblins
  10 jackals
  24 kobolds
  4 quokkas
  14 bats
  8 giant cockroaches
  4 giant geckos
  6 giant newts
  9 goblins
  A quokka zombie (D:5)
  22 rats
  A fungus (Lair:1)
235 creatures vanquished.

Notes
Turn   | Place    | Note
--------------------------------------------------------------
     0 | D:1      | Ratboiler, the Formicid Hunter, began the quest for the Orb.
     0 | D:1      | Reached XP level 1. HP: 16/16 MP: 1/1
   122 | D:1      | Reached XP level 2. HP: 22/22 MP: 3/3
   500 | D:1      | Reached XP level 3. HP: 23/27 MP: 4/4
   835 | D:2      | Reached skill level 5 in Crossbows
  1216 | D:2      | Reached XP level 4. HP: 23/33 MP: 5/5
  1360 | D:2      | Found a basalt altar of Yredelemnul.
  1361 | D:2      | Noticed a profane servitor
  1365 | D:2      | Found a glowing golden altar of the Shining One.
  1366 | D:2      | Noticed an angel
  2003 | D:3      | Found a burning altar of Makhleb.
  2004 | D:3      | Found a shimmering altar of Xom.
  2038 | D:3      | Reached skill level 6 in Crossbows
  2038 | D:3      | Reached XP level 5. HP: 10/38 MP: 7/7
  2287 | D:3      | Found a sparkling altar of Nemelex Xobeh.
  2469 | D:3      | Found a radiant altar of Vehumet.
  2470 | D:3      | Found a sparkling altar of Nemelex Xobeh.
  2470 | D:3      | Found a deep blue altar of Sif Muna.
  2965 | D:3      | Reached XP level 6. HP: 39/44 MP: 8/8
  3256 | D:4      | Reached skill level 7 in Crossbows
  3442 | D:4      | Found a glowing drain.
  3446 | Sewer    | Entered a sewer
  3974 | D:4      | Reached XP level 7. HP: 25/50 MP: 9/9
  4220 | D:4      | Reached skill level 8 in Crossbows
  4342 | D:4      | Found Kavvamuj's Food Emporium.
  4831 | D:5      | Entered Level 5 of the Dungeon
  4867 | D:5      | Found Nileisib's Book Shoppe.
  5067 | D:5      | Got a brightly glowing hand axe
  5068 | D:5      | Identified the +9 hand axe of Rynit {chop, rF++} (You found it on level 5 of the Dungeon)
  5305 | D:5      | Found an opulent altar of Gozag.
  5626 | D:6      | Reached skill level 9 in Crossbows
  5686 | D:5      | Reached XP level 8. HP: 22/56 MP: 11/11
  5882 | D:6      | Reached skill level 1 in Axes
  6348 | D:6      | Found a snail-covered altar of Cheibriados.
  6726 | D:6      | Reached skill level 5 in Axes
  6854 | D:6      | Found an opulent altar of Gozag.
  7303 | D:7      | Found a blossoming altar of Fedhas.
  7462 | D:7      | Reached XP level 9. HP: 55/61 MP: 12/12
  8302 | D:7      | Found a staircase to the Ecumenical Temple.
  8311 | Temple   | Entered the Ecumenical Temple
  8371 | Temple   | Became a worshipper of Zin the Law-Giver
  8371 | Temple   | Acquired Zin's first power
  8439 | D:7      | Acquired Zin's second power
  9006 | D:8      | Noticed Blork the orc
  9016 | D:8      | Killed Blork the orc
  9443 | D:8      | Found a staircase to the Lair.
  9452 | Lair:1   | Entered Level 1 of the Lair of Beasts
  9708 | Lair:1   | Reached skill level 10 in Axes
  9708 | Lair:1   | Reached XP level 10. HP: 63/67 MP: 13/13
  9770 | Lair:1   | Noticed a spiny frog
  9777 | Lair:1   | Killed a spiny frog
  9989 | Lair:1   | Noticed a spiny frog
  9995 | Lair:1   | Reached skill level 11 in Axes
  9997 | Lair:1   | Killed a spiny frog
 10451 | Lair:1   | Noticed a spiny frog
 10462 | Lair:1   | Killed a spiny frog
 11210 | Lair:1   | Noticed a spiny frog
 11217 | Lair:1   | HP: 3/67 [spiny frog (13)]
 11221 | Lair:1   | Mangled by a spiny frog

Action                   |  1- 3 |  4- 6 |  7- 9 | 10-12 || total
-------------------------+-------+-------+-------+-------++-------
Melee: Spear             |    85 |    20 |       |       ||   105
       Short sword       |    20 |       |       |       ||    20
       Falchion          |       |   228 |    60 |       ||   288
       Hand axe          |       |       |   269 |    51 ||   320
 Fire: Hand crossbow     |    18 |    22 |    39 |       ||    79
       Blowgun           |       |       |     6 |       ||     6
Invok: Vitalisation      |       |       |     1 |     4 ||     5
  Use: Potion            |       |     3 |     4 |     4 ||    11
       Scroll            |       |     6 |     9 |       ||    15
  Eat: Chunk             |     1 |     6 |    12 |       ||    19
       Fruit             |       |     2 |     3 |       ||     5
       Pizza             |       |     2 |     1 |       ||     3
       Beef jerky        |       |       |     1 |     2 ||     3
